 Dungeon Sprint DCSS version 0.24-a0-640-ge7cd8ce796 (webtiles) character file.

Game seed: 18080031409166815325, levelgen mode: deterministic

1770 FMitz the Spear-Bearer (level 9, -4/85 HPs)
             Began as a Merfolk Abyssal Knight on Sept 24, 2019.
             Was a Priest of Lugonu.
             Slain by a deep troll (18 damage)
             ... in the Dungeon (Sprint I: "Red Sonja").
             The game lasted 00:12:19 (1752 turns).

FMitz the Spear-Bearer (Merfolk Abyssal Knight)     Turns: 1752, Time: 00:12:19

Health: -4/85      AC:  2    Str: 12    XL:     9   Next: 7%
Magic:  13/13      EV: 21    Int: 12    God:    Lugonu [***...]
Gold:   179        SH:  0    Dex: 16    Spells: 8/8 levels left

rFire    . . .     SeeInvis .   d - +1 scythe (venom)
rCold    . . .     Gourm    .   (shield currently unavailable)
rNeg     . . .     Faith    .   b - +0 leather armour
rPois    .         Spirit   .   a - +1 hat
rElec    .         Reflect  .   (no cloak)
rCorr    .         Harm     .   (no gloves)
MR       .....     NoTele   +   (no boots)
Stlth    +.........             (no amulet)
HPRegen  0.24/turn              (no ring)
MPRegen  0.13/turn              (no ring)

@: no status effects
A: change form in water, swift swim, stealthy swim, deformed body
a: Bend Space, Banish, Renounce Religion


You were in the Dungeon.
You worshipped Lugonu.
Lugonu was most pleased with you.
You were not hungry.

You visited 1 branch You collected 547 gold pieces.
You spent 368 gold pieces at shops.

Inventory:

Hand Weapons
 d - a +1 scythe of venom (weapon)
Armour
 a - a +1 hat (worn)
 b - a +0 leather armour (worn)
Wands
 e - a wand of disintegration (18)
 f - a wand of paralysis (2)
 j - a wand of digging (7)
Scrolls
 i - a scroll of blinking
Potions
 g - 2 potions of magic


   Skills:
 * Level 13.2 Fighting
 + Level 13.7 Polearms
 - Level 1.0 Armour
 + Level 13.0 Dodging
 - Level 6.6 Invocations
 + Level 3.3 Evocations


You had 8 spell levels left.
You didn't know any spells.
Your spell library was empty.

Dungeon Overview and Level Annotations

Branches:
Dungeon (1/1)

Altars:
Cheibriados
Dithmenos
Elyvilon
Fedhas
Gozag
Hepliaklqana
Kikubaaqudgha
Makhleb
Nemelex Xobeh
Okawaru
Qazlal
Ru
Sif Muna
Trog
Uskayaw
Vehumet
Wu Jian
Xom
Yredelemnul
Zin
The Shining One
Jiyva
Lugonu

Shops:
D ?}


Innate Abilities, Weirdness & Mutations

You revert to your normal form in water.
You are very nimble and swift while swimming.
You are very stealthy in the water. (Stealth+)
Armour fits poorly on your strangely shaped body.


Message History

The deep troll completely misses you. The deep troll claws you.
The deep troll claws you!
You are too injured to fight recklessly!
You hit the deep troll but do no damage.
The deep troll is almost dead.
The deep troll barely misses you. The deep troll claws you!
The deep troll barely misses you. The deep troll closely misses you.
The deep troll claws you!
* * * LOW HITPOINT WARNING * * *
The deep troll barely misses you.
There is an open door here.
Attack whom?
Press: ? - help, Dir - move target cursor, f - deep troll
Aim: a deep troll (almost dead, poisoned)
You closely miss the deep troll.
The deep troll is almost dead.
The deep troll barely misses you. The deep troll claws you!
* * * LOW HITPOINT WARNING * * *
The deep troll claws you!!
You die...

#..#####'#####'#__####...+
#..####..#...#.#### #####
#..#__####.÷##.#
#..#_____##'#_.+
#⌠⌠#_.∩...'[.)_#
####_..__##_(#'#
#_____###'#.#
############.####+###
#∩........+...@T$.$$+
###++++####...#######
#..G... ##.## #.G.... #+#
#..#..G #G .... # .G..#
G....


You could see a deep troll.

Vanquished Creatures
  Sonja (D)
  2 kobold demonologists (D)
  A slime creature (D)
  Sigmund (D)
  A yak (D)
  An ogre (D)
  A jelly (D)
  Ijyb (D)
9 creatures vanquished.

Vanquished Creatures (others)
  A gargoyle (D)
  A floating eye (D)
2 creatures vanquished.

Grand Total: 11 creatures vanquished

Notes
Turn   | Place    | Note
-------+----------+-------------------------------------------
     0 | D        | FMitz the Merfolk Abyssal Knight began the quest for the
                  | Orb.
     0 | D        | Reached XP level 1. HP: 18/18 MP: 2/2
     1 | D        | Noticed Ijyb
    14 | D        | Killed Ijyb
    14 | D        | Reached skill level 5 in Fighting
    14 | D        | Reached skill level 1 in Armour
    14 | D        | Reached XP level 2. HP: 11/27 MP: 4/4
   186 | D        | Noticed an ogre
   190 | D        | HP: 1/27 [ogre/+0 giant club (15)]
   223 | D        | Killed an ogre
   223 | D        | Reached XP level 3. HP: 4/35 MP: 4/6
   223 | D        | Reached XP level 4. HP: 5/41 MP: 4/7
   510 | D        | Noticed Sigmund
   524 | D        | Killed Sigmund
   524 | D        | Reached ** piety under Lugonu
   524 | D        | Reached XP level 5. HP: 36/49 MP: 7/9
   524 | D        | Reached XP level 6. HP: 41/56 MP: 7/10
   723 | D        | Found an ornate altar of the Wu Jian Council.
   723 | D        | Found a shimmering blue altar of Sif Muna.
   725 | D        | Found a radiant altar of Vehumet.
   854 | D        | Found Dohugiso's Gadget Emporium.
   854 | D        | Found an ancient bone altar of Kikubaaqudgha.
   854 | D        | Found a hazy altar of Hepliaklqana.
   854 | D        | Found a stormy altar of Qazlal.
   854 | D        | Found a hide-covered altar of Uskayaw.
   854 | D        | Found a blossoming altar of Fedhas.
   854 | D        | Found a bloodstained altar of Trog.
   854 | D        | Found an iron altar of Okawaru.
   854 | D        | Found a basalt altar of Yredelemnul.
   854 | D        | Found a glowing golden altar of the Shining One.
   854 | D        | Found a snail-covered altar of Cheibriados.
   854 | D        | Found a sacrificial altar of Ru.
   854 | D        | Found a glowing silver altar of Zin.
   854 | D        | Found a shadowy altar of Dithmenos.
   854 | D        | Found a white marble altar of Elyvilon.
   854 | D        | Noticed a yak
   858 | D        | Killed a yak
   858 | D        | Reached XP level 7. HP: 47/64 MP: 11/11
   859 | D        | Found an opulent altar of Gozag.
   860 | D        | Found a sparkling altar of Nemelex Xobeh.
   942 | D        | Bought a wand of disintegration (18) for 242 gold pieces
   942 | D        | Bought a wand of paralysis (2) for 44 gold pieces
   956 | D        | Found a burning altar of Makhleb.
   956 | D        | Found a viscous altar of Jiyva.
   956 | D        | Found a shimmering altar of Xom.
   956 | D        | Found a corrupted altar of Lugonu.
   956 | D        | Noticed a slime creature
   965 | D        | Killed a slime creature
   965 | D        | Reached *** piety under Lugonu
   965 | D        | Reached skill level 10 in Fighting
  1055 | D        | Noticed Sonja
  1063 | D        | Killed Sonja
  1063 | D        | Reached XP level 8. HP: 63/76 MP: 12/12
  1340 | D        | Noticed a kobold demonologist
  1343 | D        | Noticed a kobold demonologist
  1344 | D        | Noticed a hellwing
  1347 | D        | Noticed a ynoxinul
  1347 | D        | Paralysed by a floating eye for 4 turns
  1348 | D        | Noticed a rust devil
  1348 | D        | Noticed a ynoxinul
  1348 | D        | Noticed a red devil
  1352 | D        | Killed a kobold demonologist
  1380 | D        | Noticed a ynoxinul
  1383 | D        | Noticed a rust devil
  1386 | D        | Killed a kobold demonologist
  1386 | D        | Reached XP level 9. HP: 22/85 MP: 9/13
  1464 | D        | Killed a gargoyle
  1688 | D        | Found Tepneisch's Magic Scroll Boutique.
  1696 | D        | Bought a scroll of enchant weapon for 82 gold pieces
  1703 | D        | Noticed a shining eye
  1703 | D        | Noticed a shining eye
  1703 | D        | Noticed a shining eye
  1703 | D        | Gained mutation: Armour fits poorly on your strangely
                  | shaped body. [a shining eye]
  1742 | D        | Noticed a deep troll
  1752 | D        | Slain by a deep troll

Levels and vault maps discovered:
D:        dungeon_sprint_1 [red_sonja_temple_1, red_sonja_temple_small_1]

Skill      XL: |  1  2  3  4  5  6  7  8 |
---------------+-------------------------+-----
Fighting       | 5 6 8 9 12 13 | 13.2
Polearms       | 4 6 9 11 12 13 | 13.7
Armour         | 1 |  1.0
Dodging        | 3 6 8 9 12 13 | 13.0
Invocations    | 4 6 |  6.6
Evocations     | 3 |  3.3

Action                   |  1- 3 |  4- 6 |  7- 9 || total
-------------------------+-------+-------+-------++-------
Melee: Spear             |    30 |    14 |       ||    44
       Scythe            |       |     7 |    32 ||    39
Invok: Bend Space        |       |       |     3 ||     3
       Banish            |       |       |     1 ||     1
  Use: Potion            |     3 |       |     1 ||     4
       Scroll            |       |       |     1 ||     1
 Stab: Sleeping          |       |     1 |       ||     1
  Eat: Ration            |       |       |     1 ||     1
Armor: Leather armour    |       |       |    11 ||    11
Dodge: Dodged            |     9 |     8 |    44 ||    61

Table legend:
 A = Non-vault XP
 B = Vault XP
 C = Vault XP percentage of total XP
 D = Non-vault monster count
 E = Vault monster count
 F = Vault count percentage of total count
                 A         B        C        D         E       F
            +---------+---------+-------+---------+---------+-------
      Total |       0 |    2529 | 100.0 |       0 |      10 | 100.0
            +---------+---------+-------+---------+---------+-------
          D |       0 |    2529 | 100.0 |       0 |      10 | 100.0
            +---------+---------+-------+---------+---------+-------
